 Dungeon Crawl Stone Soup version 0.32-a0-931-g5a2cda0630 (webtiles) character file.

Game seed: 7264828466397358961

384 draino the Grave Robber (level 6, 0/50 HPs)
             Began as a Mountain Dwarf Necromancer on Apr 13, 2024.
             Killed by the air
             ... invoked by a blizzard demon
              (28 damage)
             ... on level 1 of the Abyss on Apr 14, 2024.
             The game lasted 00:27:49 (6767 turns).

draino the Grave Robber (MDNe)                      Turns: 6767, Time: 00:27:49

Health: 0/50       AC:  6    Str: 10    XL:     6   Next: 47%
Magic:  11/11      EV: 14    Int: 18    God:
Gold:   227        SH:  0    Dex: 10    Spells: 7/12 levels left

rFire   . . .        F - +3 flail (protect)
rCold   . . .        (no shield)
rNeg    . . .        h - +0 ring mail
rPois   .            (no helmet)
rElec   .            (no cloak)
rCorr   .            (no gloves)
SInv    .            l - +0 pair of boots
Will    .....        (no amulet)
Stlth   +            j - +5 ring of evasion
HPRegen 0.28/turn    (no ring)
MPRegen 0.12/turn

%: no passive effects
@: no status effects
A: runic magic, artefact enchanting
a: no special abilities


You were on level 1 of the Abyss.
You visited 1 branch of the dungeon, and saw 4 of its levels.
You visited the Abyss 1 time.

You collected 227 gold pieces.

Inventory:

Hand Weapons
 a - a +4 short sword
 b - a +2 dagger of venom
 n - a +0 whip
 z - a +2 short sword of holy wrath
 B - a +0 war axe
 C - a +2 dagger of venom
 F - a +3 flail of protection (weapon)
Missiles
 e - 22 poisoned darts
 s - 4 boomerangs (quivered)
 E - a throwing net
Armour
 h - a +0 ring mail (worn)
 l - a +0 pair of boots (worn)
 D - a +0 chain mail
Jewellery
 f - an amulet of the acrobat
 j - a +5 ring of evasion (left hand)
 u - an amulet of faith
 v - a ring of resist corrosion
Scrolls
 c - a scroll of immolation
 d - a scroll of fog
 o - 2 scrolls of fear
 w - a scroll of revelation {unknown}
 x - a scroll of enchant armour {unknown}
 y - 2 scrolls of enchant weapon
Potions
 k - a potion of cancellation
 p - a potion of attraction
 q - a potion of curing
 r - a potion of mutation
 t - 3 potions of magic
 A - a potion of enlightenment


   Skills:
 + Level 2.5 Fighting
 + Level 2.4 Armour
 - Level 1.3 Dodging
 - Level 1.4 Stealth
 * Level 3.7 Spellcasting
 * Level 6.2 Necromancy


You had 7 spell levels left.
You knew the following spells:

 Your Spells              Type           Power      Damage    Failure   Level
a - Necrotise             Necr           100%       1d9       1%          1
n - Animate Dead          Necr           25%        N/A       14%         4

Your spell library contained the following spells:

 Spells                   Type           Power      Damage    Failure   Level
 Vampiric Draining        Necr           25%        2d7       4%          3
 Curse of Agony           Necr           25%        N/A       38%         5


Dungeon Overview and Level Annotations

Branches:
Dungeon (4/15)
 Temple: D:4-7

Altars:
Cheibriados
Makhleb


Innate Abilities, Weirdness & Mutations

Your spellcasting is much less encumbered by armour.
You can use scrolls of enchantment on lesser artefacts.


Message History

You start waiting.
Done waiting.
You start waiting.
Done waiting.
You start waiting.
Done waiting.
You start waiting.
Done waiting.
You start waiting.
Done waiting.
You start waiting.
Done waiting.
You start waiting.
Done waiting.
You start waiting.
You start waiting.
You start waiting.
Done waiting.
Saving game... please wait.
Welcome back, draino the Mountain Dwarf Necromancer.
Press ? for a list of commands and other information.
As you read the scroll labelled RAOPTAS EBAUGE, it crumbles to dust.
It is a scroll of amnesia.
Okay, then.
As you read the scroll labelled BUWKIR CIGGU, it crumbles to dust.
You feel strangely unstable.
You feel the power of the Abyss delaying your translocation!
It was a scroll of teleportation.
You are suddenly pulled into a different region of the Abyss!
A tentacled monstrosity and a blizzard demon come into view.
The blizzard demon shouts!
Cast which spell? (? or * to list)
You can't see any susceptible monsters within range! (Use Z to cast anyway.)
The blizzard demon gestures at you. The bolt of cold hits you!!
Found a corrupted altar of Lugonu.
The blizzard demon waves its arms in wide circles.
The air twists around and strikes you!!
Ouch! That really hurt!
You die...

♣..≈≈~.≈..♣
♣...≈~≈...♣
♣.......♣ ♣.2...♣
♣♣.#.♣♣ ♣♣.....♣♣
♣♣.......#♣
♣...X.≈...♣
#.@≈≈~≈≈....#
#..~~♣~.....#
~~..≈≈~≈≈.#..#
..~#...≈~≈..~..#
_.#~♣##..........#
#..~ ##.....#...#
.#~ ###..... #
#..##


You could see a tentacled monstrosity and a blizzard demon.

Vanquished Creatures
  2 kobold brigands (D:3)
  An iguana (D:3)
  An orc wizard (D:3)
  6 gnolls
  3 adders
  3 ribbon worms
  A dart slug (D:3)
  12 orcs (D:3)
  5 endoplasms
  3 giant cockroaches
  6 goblins
  3 hobgoblins (D:1)
  11 kobolds
  4 quokkas
  5 ball pythons
  7 bats
  4 frilled lizards
  7 rats
84 creatures vanquished.

Vanquished Creatures (collateral kills)
  2 hobgoblins (D:3)
  A frilled lizard (D:1)
3 creatures vanquished.

Vanquished Creatures (others)
  5 large abominations (Abyss:1)
  2 raiju (Abyss:1)
  4 chaos spawn (Abyss:1)
  16 small abominations (Abyss:1)
  2 ufetubi (Abyss:1)
  6 lurking horrors (Abyss:1)
35 creatures vanquished.

Grand Total: 122 creatures vanquished

Notes
Turn   | Place    | Note
-------+----------+-------------------------------------------
     0 | D:1      | draino the Mountain Dwarf Necromancer began the quest for
                  | the Orb.
     0 | D:1      | Reached XP level 1. HP: 14/14 MP: 3/3
   237 | D:1      | Reached XP level 2. HP: 22/22 MP: 0/5
   717 | D:1      | Reached XP level 3. HP: 27/27 MP: 0/6
   942 | D:2      | Found a burning altar of Makhleb.
  1038 | D:2      | Reached skill level 1 in Armour
  1122 | D:1      | Reached skill level 1 in Fighting
  1225 | D:2      | Reached skill level 5 in Necromancy
  1509 | D:1      | Reached XP level 4. HP: 22/35 MP: 0/7
  2234 | D:3      | Learned a level 4 spell: Animate Dead
  2591 | D:3      | Noticed a kobold brigand
  2605 | D:3      | Killed a kobold brigand
  2606 | D:3      | Reached XP level 5. HP: 27/41 MP: 0/9
  2641 | D:3      | Reached XP level 6. HP: 28/48 MP: 1/11
  2856 | D:3      | Reached skill level 6 in Necromancy
  2870 | D:3      | Found a faded altar of an unknown god.
  3337 | D:3      | Found a snail-covered altar of Cheibriados.
  3997 | Abyss:1  | Cast into level 1 of the Abyss (gnoll)
  5402 | Abyss:1  | Killed a small abomination
  5450 | Abyss:1  | Killed a large abomination
  5637 | Abyss:1  | Killed a small abomination
  5879 | Abyss:1  | Killed a chaos spawn
  5991 | Abyss:1  | Killed a small abomination
  6045 | Abyss:1  | Killed a chaos spawn
  6053 | Abyss:1  | Killed a large abomination
  6062 | Abyss:1  | Killed a small abomination
  6086 | Abyss:1  | Killed a small abomination
  6148 | Abyss:1  | Killed a small abomination
  6273 | Abyss:1  | Killed a large abomination
  6354 | Abyss:1  | Killed a chaos spawn
  6361 | Abyss:1  | Killed a large abomination
  6452 | Abyss:1  | Killed a large abomination
  6530 | Abyss:1  | Killed a chaos spawn
  6653 | Abyss:1  | Killed a raiju
  6699 | Abyss:1  | Killed a raiju
  6762 | Abyss:1  | Noticed a tentacled monstrosity
  6762 | Abyss:1  | Noticed a blizzard demon
  6767 | Abyss:1  | Found a corrupted altar of Lugonu.
  6767 | Abyss:1  | Killed from afar by a blizzard demon

Illustrated notes

Levels and vault maps discovered:
D:1:      eino_arrival_druids_welcome, layout_loops_cross
D:2:      layout_rooms, basic_altar, kennysheep_generic_room_11
D:3:      cheibrodos_thug_alley, layout_loops_corners, chei_slow_surprise,
          dreamdust_ecumenical_altar_hidden_monk_grotto,
          corexii_item_surrounded_by_moat
D:4:      layout_rooms, elyvilon_altar_3, gammafunk_ghost_arena,
          kennysheep_potato, uniq_blork_the_orc, uniq_ijyb, uniq_edmund
Abyss:1:  base: D:4, hangedman_cross_veins, base:
D:4

Skill      XL: |  1  2  3  4  5  6 |
---------------+-------------------+-----
Spellcasting   | 2 3 |  3.7
Armour         | 1 2 |  2.4
Fighting       | 1 2 |  2.5
Necromancy     | 5 6 |  6.2
Dodging        | |  1.3
Stealth        | |  1.4

Action                     |  1- 3 |  4- 6 || total
---------------------------+-------+-------++-------
  Melee: Unarmed           |     3 |       ||     3
         Short sword       |     7 |    20 ||    27
         Dagger            |       |    27 ||    27
         Flail             |       |     4 ||     4
  Throw: Boomerang         |       |     4 ||     4
   Cast: Necrotise         |    73 |    81 ||   154
    Use: Scroll            |       |    10 ||    10
         Potion            |       |     1 ||     1
 Armour: Robe              |     3 |       ||     3
         Ring mail         |    19 |    78 ||    97
  Dodge: Dodged            |    25 |    55 ||    80

Table legend: (Time is in decaauts)
 A = Elapsed time spent in this place.
 B = Non-inter-level travel time spent in this place.
 C = Inter-level travel time spent in this place.
 D = Time resting spent in this place.
 E = Time spent auto-exploring this place.
 F = Levels seen in this place.
 G = Mean time per level.
                   A        B        C        D        E       F      G
               +--------+--------+--------+--------+--------+-----+--------+
         Total |   6785 |   6447 |    338 |   3565 |   1910 |   5 | 1357.0 |
       Dungeon |   4016 |   3678 |    338 |    855 |   1894 |   4 | 1004.0 |
         Abyss |   2769 |   2769 |      0 |   2710 |     16 |   1 | 2769.0 |
               +--------+--------+--------+--------+--------+-----+--------+

Top non-repeatable levels by time:
 Abyss:1: 2769 daAuts
     D:3: 1915 daAuts
     D:1: 1328 daAuts
     D:2: 753 daAuts
     D:4: 18 daAuts
